 Dungeon Sprint DCSS version 0.28.0-43-g3370ac3207 (webtiles) character file.

Game seed: 4595717649640433017

3000000 smarlow the Archmage (level 23, -61/201 HPs)
             Began as a Djinni Warper on Mar 9, 2022.
             Was the Champion of Makhleb.
             Annihilated by The Servant
             ... wielding a +9 glaive of flaming
              (76 damage)
             ... in the Dungeon (Sprint VIII: "Arena of Blood").
             The game lasted 00:01:59 (30 turns).

smarlow the Archmage (Djinni Warper)                  Turns: 30, Time: 00:01:59

Health: -61/201    AC:  6    Str: 10    XL:     23   Next: 58%
Gold:   0          EV: 34    Int: 16    God:    Makhleb [******] SH:  0 Dex: 23

rFire   + + .      SeeInvis .   i - +∞ Axe of Woe
rCold   x . .      Faith    .   (shield currently unavailable)
rNeg    . . .      Spirit   .   b - +0 leather armour
rPois   ∞          Reflect  .   (no helmet)
rElec   .          Harm     .   (no cloak)
rCorr   .          Rampage  .   (no gloves)
Will    ++...      NoTele   +   (boots unavailable)
Stlth   ++++++....              (no amulet)
HPRegen 0.43/turn               (no ring)
MPRegen 0.00/turn               (no ring)

@: death channelling, flying
A: sickness immunity, fire resistance 2, cold vulnerability 1, float, innate
caster, HP casting, extra vitality 1
a: Renounce Religion, Minor Destruction, Lesser Servant of Makhleb, Major
Destruction, Greater Servant of Makhleb


You were in the Dungeon.
You worshipped Makhleb.
Makhleb was exalted by your worship.
You visited 1 branch

Inventory:

Hand Weapons
 a - a +0 hand axe
 i - the +∞ Axe of Woe (weapon)
   (You found it in the Dungeon)
Missiles
 d - 5 boomerangs of dispersal
Armour
 b - a +0 leather armour (worn)
Potions
 e - a potion of curing
 f - a potion of heal wounds
 g - a potion of haste
 h - a potion of berserk rage


   Skills:
 O Level 27 Fighting
 + Level 15.4(18.0) Short Blades
 + Level 15.4(18.0) Long Blades
 O Level 27 Axes
 + Level 13.3(23.0) Maces & Flails
 + Level 13.3(23.0) Polearms
 + Level 14.4(19.0) Staves
 + Level 13.3(16.0) Slings
 + Level 13.3 Bows
 + Level 13.3 Crossbows
 + Level 14.6(16.7) Throwing
 O Level 27 Armour
 O Level 27 Dodging
 + Level 14.4 Stealth
 + Level 15.6 Shields
 + Level 15.6 Unarmed Combat
 O Level 27 Spellcasting
 + Level 15.6 Invocations
 + Level 15.7 Evocations


You had 10 spell levels left.
You knew the following spells:

 Your Spells              Type           Power      Damage    Failure   Level
a - Blink                 Tloc           100%       N/A       0%          2
b - Lesser Beckoning      Tloc           82%        N/A       0%          3
c - Gell's Gravitas       Tloc           82%        N/A       0%          3
d - Teleport Other        Tloc           82%        N/A       0%          3
e - Manifold Assault      Tloc           82%        N/A       0%          5
f - Animate Skeleton      Necr           100%       N/A       0%          1
g - Wereblood             Tmut           82%        N/A       0%          2
h - Static Discharge      Conj/Air       82%        N/A       0%          2
i - Frozen Ramparts       Ice            100%       1d12      0%          3
j - Sticky Flame          Conj/Fire      82%        2d9       0%          4
k - Summon Forest         Summ/Tloc      41%        N/A       0%          5
l - Death Channel         Necr           41%        N/A       0%          6
m - Eringya's Noxious Bo  Tmut/Pois      41%        N/A       0%          6
n - Summon Cactus Giant   Summ           41%        N/A       0%          6
o - Monstrous Menagerie   Summ           41%        N/A       1%          7
p - Disjunction           Tloc           41%        N/A       1%          8
Your spell library was empty.

Dungeon Overview and Level Annotations

Branches:
Dungeon (1/1)

Altars:
Makhleb

Annotations:
D The Servant


Innate Abilities, Weirdness & Mutations

You are immune to sickness and miasma.
You are immune to poison.
Your flesh is very heat resistant. (rF++)
You are vulnerable to cold. (rC-)
You float through the air rather than walking.
You learn spells naturally, not from books.
Your magical power is your life essence.
You have superior vitality. (+4 MHP)


Message History

Your Unarmed Combat skill increases to level 15!
Your Invocations skill increases to level 15!
Your Evocations skill increases to level 15!
Casting: Manifold Assault (safe; 0% risk of failure)
Press: ? - help, Q - select action, (/) - cycle Dir - look around, f - activate Space momentarily warps into an impossible shape!
You slash the large bag of meat!
Flame seeps out of the large bag of meat.
You slaughter the large bag of meat joyfully.
Makhleb accepts your kill.
You feel better.
You slash the bag of meat!
You pulverise the bag of meat into a thin bloody mist.
You kill the bag of meat!
Makhleb accepts your kill.
You hit the destroyer.
You hew the destroyer savagely.
You destroy the destroyer!
Makhleb accepts your kill.
A glowing mist starts to gather...
The large bag of meat explodes!
The fiery explosion engulfs your spectral bag of meat!!
Your spectral bag of meat is destroyed!
The destroyer appears out of thin air!
A destroyer comes into view. It is wielding a +9 vorpal great sword.
You hear a shout!
Something hits your spectral bag of meat!!!
You hear a shout!
Something hits your spectral bag of meat!!!
The destroyer is engulfed in blazing flames.
The destroyer hits you with a +9 vorpal great sword!!!!!
Ouch! That really hurt!
* * * LOW HITPOINT WARNING * * *
x2 The destroyer bites you but does no damage.
Your spectral bag of meat barely misses the destroyer.
You hear a shout!
Your spectral large bag of meat is engulfed in blazing flames.
You hear a shout!
Your spectral meat berserker is engulfed in blazing flames.
The Servant hits you from afar with a +9 glaive of flaming!!!!
You die...

o)).)☼☼☼..)..##.
...#V.ZZZZ..#))Z
...Z.ZZ.ZZo.#.ZZ
.##.#VZ○☼Z..Z§)
......Z.°§Z§§○.
##....#§§§§○###
.......§Z.§Z§.#.
........V§......
#.......@.@.....
################


You could see The Servant (ally target), 3 destroyers, a bag of meat, 10
friendly spectral bags of meat, 4 friendly spectral meat berserkers and 5
friendly spectral large bags of meat.

Vanquished Creatures
  2 vampire knights (D)
  11 ogres (D)
  7 two-headed ogres (D)
  32 orcs (D)
52 creatures vanquished.

Notes
Turn   | Place    | Note
-------+----------+-------------------------------------------
     0 | D        | Found the +∞ Axe of Woe
     0 | D        | smarlow the Djinni Warper began the quest for the Orb.
     0 | D        | Reached XP level 1. HP: 18/18 MP: 0/0
     1 | D        | Noticed a bag of meat
     2 | D        | Noticed a bag of meat
     3 | D        | Became a worshipper of Makhleb the Destroyer
     4 | D        | Killed a bag of meat
     4 | D        | Noticed a meat berserker
     5 | D        | Reached skill level 10 in Dodging
     5 | D        | Reached skill level 15 in Spellcasting
     5 | D        | Reached XP level 2. HP: 34/34 MP: 0/0
     5 | D        | Reached XP level 3. HP: 40/40 MP: 0/0
     5 | D        | Learned a level 1 spell: Animate Skeleton
     5 | D        | Reached XP level 4. HP: 45/45 MP: 0/0
     5 | D        | Reached XP level 5. HP: 50/50 MP: 0/0
     5 | D        | Learned a level 2 spell: Wereblood
     5 | D        | Reached XP level 6. HP: 57/57 MP: 0/0
     5 | D        | Reached XP level 7. HP: 61/61 MP: 0/0
     5 | D        | Learned a level 2 spell: Static Discharge
     5 | D        | Reached XP level 8. HP: 67/67 MP: 0/0
     5 | D        | Reached XP level 9. HP: 73/73 MP: 0/0
     5 | D        | Learned a level 3 spell: Frozen Ramparts
     5 | D        | Reached XP level 10. HP: 78/78 MP: 0/0
     5 | D        | Reached XP level 11. HP: 84/84 MP: 0/0
     5 | D        | Learned a level 4 spell: Sticky Flame
     5 | D        | Killed a meat berserker
     5 | D        | Reached * piety under Makhleb
     5 | D        | Noticed a meat berserker
     6 | D        | Reached skill level 10 in Axes
     6 | D        | Reached XP level 12. HP: 95/95 MP: 0/0
     6 | D        | Reached XP level 13. HP: 101/101 MP: 0/0
     6 | D        | Learned a level 5 spell: Summon Forest
     7 | D        | Killed a bag of meat
     8 | D        | Killed a meat berserker
     8 | D        | Noticed a meat berserker
     9 | D        | Reached XP level 14. HP: 106/112 MP: 0/0
     9 | D        | Noticed a bag of meat
     9 | D        | Noticed a bag of meat
     9 | D        | Noticed a bag of meat
    10 | D        | Killed a meat berserker
    10 | D        | Reached ** piety under Makhleb
    10 | D        | Killed a bag of meat
    10 | D        | Killed a bag of meat
    10 | D        | Noticed a bag of meat
    10 | D        | Noticed a bag of meat
    10 | D        | Noticed a bag of meat
    11 | D        | Reached skill level 15 in Axes
    11 | D        | Reached skill level 5 in Throwing
    11 | D        | Reached skill level 15 in Dodging
    11 | D        | Reached XP level 15. HP: 121/121 MP: 0/0
    11 | D        | Learned a level 6 spell: Death Channel
    12 | D        | Reached *** piety under Makhleb
    13 | D        | Reached skill level 5 in Armour
    13 | D        | Reached XP level 16. HP: 130/130 MP: 0/0
    13 | D        | Noticed a large bag of meat
    14 | D        | Reached **** piety under Makhleb
    14 | D        | Killed a large bag of meat
    14 | D        | Reached ***** piety under Makhleb
    15 | D        | Reached skill level 27 in Spellcasting
    15 | D        | Reached XP level 17. HP: 144/144 MP: 0/0
    15 | D        | Learned a level 6 spell: Eringya's Noxious Bog
    15 | D        | Noticed a meat berserker
    16 | D        | Noticed a meat berserker
    17 | D        | Killed a meat berserker
    17 | D        | Noticed a meat berserker
    18 | D        | Reached skill level 27 in Axes
    18 | D        | Reached XP level 18. HP: 163/163 MP: 0/0
    18 | D        | Noticed a large bag of meat
    19 | D        | Killed a meat berserker
    19 | D        | Reached ****** piety under Makhleb
    19 | D        | Killed a large bag of meat
    20 | D        | Reached skill level 27 in Fighting
    20 | D        | Reached XP level 19. HP: 174/174 MP: 0/0
    20 | D        | Learned a level 6 spell: Summon Cactus Giant
    20 | D        | Noticed a meat berserker
    20 | D        | Noticed a large bag of meat
    20 | D        | Noticed a meat berserker
    20 | D        | Noticed a meat berserker
    21 | D        | Killed a large bag of meat
    21 | D        | Noticed a meat berserker
    22 | D        | Reached skill level 27 in Dodging
    22 | D        | Reached XP level 20. HP: 181/181 MP: 0/0
    22 | D        | Killed a meat berserker
    22 | D        | Killed a meat berserker
    22 | D        | Noticed a meat berserker
    23 | D        | Reached skill level 27 in Armour
    23 | D        | Noticed a meat berserker
    24 | D        | Reached XP level 21. HP: 187/187 MP: 0/0
    24 | D        | Learned a level 7 spell: Monstrous Menagerie
    24 | D        | Killed a meat berserker
    24 | D        | Noticed a large bag of meat
    25 | D        | Reached skill level 10 in Short Blades
    25 | D        | Reached skill level 10 in Long Blades
    25 | D        | Reached skill level 10 in Shields
    25 | D        | Reached skill level 10 in Unarmed Combat
    25 | D        | Reached skill level 10 in Invocations
    25 | D        | Reached skill level 10 in Evocations
    25 | D        | Noticed a destroyer
    25 | D        | Killed a destroyer
    25 | D        | Killed a meat berserker
    25 | D        | Killed a meat berserker
    25 | D        | Noticed a meat berserker
    25 | D        | Noticed a meat berserker
    25 | D        | Noticed a large bag of meat
    26 | D        | Reached skill level 10 in Maces & Flails
    26 | D        | Reached skill level 10 in Polearms
    26 | D        | Reached skill level 10 in Slings
    26 | D        | Reached skill level 10 in Bows
    26 | D        | Reached skill level 10 in Crossbows
    26 | D        | Reached XP level 22. HP: 194/194 MP: 0/0
    26 | D        | Noticed a destroyer
    26 | D        | Noticed a destroyer
    26 | D        | Noticed a large bag of meat
    27 | D        | Noticed a large bag of meat
    27 | D        | Noticed a large bag of meat
    27 | D        | Noticed The Servant
    28 | D        | Killed a large bag of meat
    28 | D        | Killed a meat berserker
    29 | D        | Reached XP level 23. HP: 191/201 MP: 0/0
    29 | D        | Learned a level 8 spell: Disjunction
    29 | D        | Killed a large bag of meat
    29 | D        | Killed a large bag of meat
    29 | D        | Noticed a destroyer
    30 | D        | Reached skill level 15 in Short Blades
    30 | D        | Reached skill level 15 in Long Blades
    30 | D        | Reached skill level 15 in Shields
    30 | D        | Reached skill level 15 in Unarmed Combat
    30 | D        | Reached skill level 15 in Invocations
    30 | D        | Reached skill level 15 in Evocations
    30 | D        | Killed a large bag of meat
    30 | D        | Killed a destroyer
    30 | D        | Annihilated by The Servant

Illustrated notes

Levels and vault maps discovered:
D:        meatsprint

Skill      XL: |  1  2  3  4  5  6  7  8  9 10 11 12 13 14 15 16 17 18 19 20 21 22 23 |
---------------+----------------------------------------------------------------------+-----
Fighting       | 9 12 14 16 17 20 25 27 | 27.0
Axes           | 8 10 13 15 17 22 27 | 27.0
Throwing       | 3 4 5 6 9 12 13 14 | 14.6
Armour         | 2 3 4 5 6 7 13 24 27 | 27.0
Dodging        | 10 12 14 15 16 17 19 26 27 | 27.0
Spellcasting   | 15 19 22 24 26 27 | 27.0
Short Blades   | 8 12 14 15 | 15.4
Long Blades    | 8 12 13 15 | 15.4
Maces & Flails | 7 10 12 13 | 13.3
Polearms       | 7 10 12 13 | 13.3
Staves         | 7 11 13 14 | 14.4
Slings         | 7 10 12 13 | 13.3
Bows           | 7 10 12 13 | 13.3
Crossbows      | 7 10 12 13 | 13.3
Stealth        | 7 11 13 14 | 14.4
Shields        | 8 12 14 15 | 15.6
Unarmed Combat | 8 12 14 15 | 15.6
Invocations    | 8 12 14 15 | 15.6
Evocations     | 8 12 14 15 | 15.7

Action                   |  1- 3 |  4- 6 |  7- 9 | 10-12 | 13-15 | 16-18 | 19-21 | 22-24 || total
-------------------------+-------+-------+-------+-------+-------+-------+-------+-------++-------
Melee: Executioner's axe |     1 |       |       |     1 |     8 |    13 |    19 |    10 ||    52
 Cast: Manifold Assault  |       |       |       |       |     3 |     4 |     5 |     3 ||    15
       Death Channel     |       |       |       |       |     1 |       |       |       ||     1
  Use: Scroll            |       |       |       |       |       |       |       |     2 ||     2
Armor: Leather armour    |       |       |       |       |       |       |       |     1 ||     1
Dodge: Dodged            |       |       |       |       |       |     1 |     1 |     1 ||     3
